AoeStats
← 1627684093

Arabia

509017140Analyzed
3v3 RM · 9d ago on Sep 25, 2026· 10m 44s· 6 players
Game mode
Random Map
Map size
Normal (6 player)
Population
200
Speed
Normal
Resources
Standard
Victory
Conquest
Starting age
Dark Age
Ending age
Imperial Age
RankedLock teamsTeams togetherTeam positionsShared explorationLock speedFull tech treeHidden civsTurbo modeCheats
Victory
Defeat
🇳🇮 Saxons · Nicaragua
920
+17
🇲🇽 Portuguese · Mexico
913
+17
🇳🇮 Wei · Nicaragua
871
+19
🇵🇪 Khmer · Peru
969
-19
🇨🇳 Persians · China
931
-17
926
-17
R_FACELESS
2:14 Loom
11:06 Feudal Age
djowyn
9:20 Loom
11:05 Feudal Age
mperez
8:08 Loom
10:05 Feudal Age
让我坐边可能会投降
2:04 Loom
APOLO
9:20 Feudal Age
8:33 Loom
1627684093
0:52 Loom
Connection lost

Rejoining the realm…

Still unreachable

The connection could not be restored.

Session expired

The server has moved on; the page needs a fresh start.